 Dungeon Crawl Stone Soup version 0.17-a0-2231-gd80ca38 (webtiles) character file.

170 Kidiri the Sneak (level 5, -3/25 HPs)
             Began as a Spriggan Enchanter on Oct 29, 2015.
             Was an Initiate of Dithmenos.
             Slain by a gnoll
             ... wielding a +0 halberd
              (12 damage)
             ... on level 3 of the Dungeon.
             The game lasted 00:12:23 (3518 turns).

Kidiri the Sneak (Spriggan Enchanter)               Turns: 3518, Time: 00:12:23

Health: -3/25      AC:  5    Str:  2 (4)  XL:     5   Next: 25%
Magic:  5/11       EV: 18    Int: 17      God:    Dithmenos [......]
Gold:   118        SH:  6    Dex: 17      Spells: 4 memorised, 2 levels left

rFire  . . .     SeeInvis +     h - +2 short sword (venom)
rCold  . . .     Clarity  .     b - +1 robe
rNeg   . . .     SustAt   .     g - +1 buckler
rPois  .         Gourm    .     (helmet restricted)
rElec  .         Spirit   .     j - +1 cloak
rCorr  .         Warding  .     (gloves unavailable)
rMut   .         Stasis   .     (boots unavailable)
MR     .....                    (no amulet)
Stlth  +++.......               (no ring)
                                (no ring)

@: very slightly contaminated, very quick, not resistant to hostile
enchantments, fairly stealthy
A: unfitting armour, see invisible, herbivore 3, speed 3, slow metabolism 2
a: Renounce Religion


You were on level 3 of the Dungeon.
You worshipped Dithmenos.
Dithmenos was noncommittal.
You were not hungry.

You visited 1 branch of the dungeon, and saw 3 of its levels.

You collected 118 gold pieces.

Inventory:

Hand Weapons
 h - a +2 short sword of venom (weapon)
Missiles
 o - a throwing net (quivered)
Armour
 b - a +1 robe (worn)
 g - a +1 buckler (worn)
 j - a +1 cloak (worn)
Scrolls
 i - 3 scrolls of magic mapping
 p - a scroll of fear {unknown}
 q - a scroll of remove curse {unknown}
 r - a scroll of enchant weapon {unknown}
Potions
 a - 3 potions of magic
 e - a potion of curing
 f - a potion of invisibility
 k - 2 potions of might {unknown}
 m - a potion of heal wounds
 n - a potion of berserk rage
Books
 c - a book of Maledictions

   Spells                             Type                      Level
   a - Corona                         Hexes                        1
   b - Ensorcelled Hibernation        Hexes/Ice                    2
   c - Confuse                        Hexes                        3
   d - Tukima's Dance                 Hexes                        3
   e - Dazzling Spray                 Conjuration/Hexes            3
Comestibles
 d - 5 bread rations
 l - 2 fruits


   Skills:
 + Level 1.0 Fighting
 * Level 2.7 Short Blades
 + Level 0.7 Armour
 * Level 4.0 Dodging
 * Level 5.3 Stealth
 + Level 0.7 Shields
 * Level 3.8 Spellcasting
 + Level 0.0 Conjurations
 + Level 3.8 Hexes
 + Level 0.2 Ice Magic
 + Level 0.0 Invocations


You had 2 spell levels left.
You knew the following spells:

 Your Spells              Type           Power        Failure   Level  Hunger
a - Corona                Hex            ###....      8%          1    None
b - Ensorcelled Hibernat  Hex/Ice        ##....       17%         2    ##.....
c - Confuse               Hex            ###.....     17%         3    ###....
e - Dazzling Spray        Conj/Hex       #.......     38%         3    ###....


Dungeon Overview and Level Annotations

Branches:
Dungeon (3/15)

Altars:
Dithmenos
Qazlal
Trog
Yredelemnul
The Shining One


Innate Abilities, Weirdness & Mutations

You are tiny and cannot use many weapons and most armour.
You have supernaturally acute eyesight.
You are a herbivore.
You cover ground extremely quickly.
You need consume almost no food.


Message History

Press: ? - help, Shift-Dir - straight line, f/p - gnoll
Aim: a gnoll, wielding a spear The spray of energy hits the gnoll.
The gnoll is dazzled.
The gnoll hits you from afar with a spear!
Unknown command.
The gnoll misses you.
You see here a halberd.
You hit the gnoll.
The gnoll is poisoned.
The gnoll is moderately wounded.
You block the gnoll's attack. The gnoll hits you with a spear.
Unknown command.
You hit the gnoll.
The gnoll looks even sicker.
The gnoll is severely wounded.
You kill the gnoll!
Dithmenos accepts your kill.
Your Fighting skill increases to level 1!
The gnoll closely misses you.
You hit the gnoll but do no damage.
The gnoll hits you from afar with a halberd!
You die...

......#
#........#
#####.#
#.#####.## #
#.# #.# #.#
# #.# #.#
#.# # #.#
#.# #.# #
#.# #.# #.#
#####.# #.#
#.# ......#
#.# #.#
##########.#
#@#
'..........#
#g#
############
#g. # #### #
# # # #


You could see 2 gnolls.

Vanquished Creatures
  An orc wizard (D:3)
  4 adders
  2 gnolls (D:3)
  An ooze (D:1)
  A giant gecko (D:2)
  4 orcs (D:3)
  4 bats
  5 giant cockroaches (D:2)
  12 goblins
  8 hobgoblins
  6 jackals (D:1)
  10 kobolds
  A quokka (D:2)
  3 giant newts (D:3)
  7 rats
69 creatures vanquished.

Notes
Turn   | Place    | Note
--------------------------------------------------------------
     0 | D:1      | Kidiri the Spriggan Enchanter began the quest for the Orb.
     0 | D:1      | Reached XP level 1. HP: 9/9 MP: 5/5
   347 | D:1      | Reached XP level 2. HP: 13/13 MP: 6/6
   351 | D:1      | Learned a level 2 spell: Ensorcelled Hibernation
   801 | D:1      | Reached XP level 3. HP: 9/16 MP: 8/8
   812 | D:1      | Learned a level 3 spell: Confuse
  1326 | D:2      | Reached skill level 5 in Stealth
  1699 | D:2      | Reached XP level 4. HP: 19/21 MP: 10/10
  1704 | D:2      | Learned a level 3 spell: Dazzling Spray
  1868 | D:2      | Found a shadowy altar of Dithmenos.
  1877 | D:2      | Became a worshipper of Dithmenos the Shadowed
  1880 | D:2      | Found a stormy altar of Qazlal.
  1880 | D:2      | Found a glowing golden altar of the Shining One.
  1882 | D:2      | Found a bloodstained altar of Trog.
  1885 | D:2      | Found a basalt altar of Yredelemnul.
  2034 | D:2      | Found a glowing golden altar of the Shining One.
  2419 | D:3      | Found a faded altar to an unknown god.
  2826 | D:3      | Reached XP level 5. HP: 25/25 MP: 11/11
  3517 | D:3      | Reached skill level 1 in Fighting
  3518 | D:3      | Slain by a gnoll

Vault maps used:
D:1:      dpeg_arrival_leaves_temple_mockup
D:2:      minitemple, tso_altar
D:3:      ecumenical_altar_2, first_bread

Action                   |  1- 3 |  4- 6 || total
-------------------------+-------+-------++-------
Melee: Dagger            |     8 |       ||     8
       Short sword       |    71 |    86 ||   157
 Cast: Dazzling Spray    |       |     1 ||     1
  Use: Scroll            |     4 |     4 ||     8
       Potion            |     3 |       ||     3
 Stab: Sleeping          |    12 |     5 ||    17
       Distracted        |       |     1 ||     1
